 Dungeon Crawl Stone Soup version 0.31.0-32-g396128a36d (webtiles) character file.

Game seed: 4725371346625671222

22085 KingCobr1 the Blocker (level 12, -10/104 HPs)
             Began as a Minotaur Fighter on Apr 9, 2024.
             Mangled by a fire elemental (11 damage)
             ... summoned by a deep elf pyromancer
             ... on level 12 of the Dungeon on Apr 11, 2024.
             The game lasted 00:52:06 (17504 turns).

KingCobr1 the Blocker (Minotaur Fighter)           Turns: 17504, Time: 00:52:07

Health: -10/104    AC: 15    Str: 23    XL:     12   Next: 59%
Magic:  15/15      EV: 18    Int:  9    God:
Gold:   379        SH: 14    Dex: 23    Spells: 15/16 levels left

rFire   . . .        q - +7 short sword (spect)
rCold   . . .        c - +1 buckler
rNeg    . . .        t - +4 ring mail {rPois}
rPois   +            (helmet restricted)
rElec   .            (no cloak)
rCorr   .            x - +3 pair of gauntlets of War {Slay+5}
SInv    .            (no boots)
Will    .....        A - amulet of reflection
Stlth   ++           B - +6 ring of dexterity
HPRegen 0.37/turn    p - +6 ring of dexterity
MPRegen 0.14/turn

%: reflection
@: no status effects
A: horns 2, retaliatory headbutt, clever 1
a: no special abilities


You were on level 12 of the Dungeon.
You visited 2 branches of the dungeon, and saw 14 of its levels.
You also visited: Sewer.

You collected 687 gold pieces.
You spent 308 gold pieces at shops.

Inventory:

Hand Weapons
 a - a +0 war axe
 q - a +7 spectral short sword (weapon)
Armour
 b - a +1 scale mail
 c - a +1 buckler (worn)
 e - a +0 pair of gloves
 t - a +4 ring mail of poison resistance (worn)
 x - the +3 pair of gauntlets of War (worn) {Slay+5}
   (You found it on level 7 of the Dungeon)

   Slay+5:    It affects your accuracy & damage with ranged weapons and melee
   (+5).
Magical Staves
 i - a staff of fire
Jewellery
 p - a +6 ring of dexterity (right hand)
 A - an amulet of reflection (around neck)
 B - a +6 ring of dexterity (left hand)
 F - a ring of resist corrosion
 I - a ring of wizardry
Wands
 s - a wand of flame (19)
 u - a wand of paralysis (40)
 z - a wand of iceblast (7)
Scrolls
 f - a scroll of fog
 k - a scroll of teleportation
 l - 2 scrolls of amnesia
 n - a scroll of vulnerability
 o - 4 scrolls of poison
 y - 2 scrolls of fear
 C - a scroll of noise
 D - 3 scrolls of identify
 E - 3 scrolls of revelation
 G - a scroll of brand weapon
Potions
 d - a potion of might
 g - a potion of curing
 h - a potion of berserk rage
 j - 3 potions of haste
 m - 2 potions of resistance
 r - a potion of mutation
 v - a potion of experience
 w - a potion of enlightenment
 J - a potion of brilliance


   Skills:
 + Level 9.3 Fighting
 + Level 10.6 Short Blades
 + Level 5.1 Axes
 + Level 4.2 Throwing
 + Level 10.8 Armour
 + Level 9.4 Dodging
 + Level 4.2 Stealth
 + Level 11.6 Shields
 * Level 2.8 Spellcasting
 + Level 1.0 Conjurations
 + Level 0.9 Alchemy


You had 15 spell levels left.
You knew the following spells:

 Your Spells              Type           Power      Damage    Failure   Level
a - Sting                 Conj/Alch      12%        1d3       32%         1

Your spell library contained the following spells:

 Spells                   Type           Power      Damage    Failure   Level
 Mercury Vapours          Alch/Air       4%         N/A       52%         2
 Cigotuvi's Dreadful Rot  Necr/Alch/Air  2%         N/A       54%         2
 Ensorcelled Hibernation  Hex/Ice        2%         N/A       58%         2
 Passwall                 Erth           1%         N/A       83%         3
 Swiftness                Air            1%         N/A       83%         3
 Olgreb's Toxic Radiance  Alch           2%         N/A       98%         4
 Dispel Undead            Necr           1%         3d6       99%         4
 Martyr's Knell           Necr/Summ      1%         N/A       99%         4
 Death Channel            Necr           0%         N/A       100%        6


Dungeon Overview and Level Annotations

Branches:
Dungeon (13/15)            Temple (0/1) D:4            Lair (1/5) D:9
    Orc (0/2) D:11          Sewer (visited)
 Vaults: D:13-14

Altars:
Cheibriados
Elyvilon
Fedhas
Nemelex Xobeh
Qazlal
Uskayaw
Wu Jian
Yredelemnul
Zin

Shops:
D:5 [


Innate Abilities, Weirdness & Mutations

You have a pair of horns on your head.
You reflexively headbutt those who attack you in melee.
Your mind is acute. (Int +4, Str/Dex -1)


Message History

You hit the fire elemental.
The fire elemental is moderately damaged.
Your +7 spectral short sword hits the fire elemental but does no damage.
The deep elf pyromancer gestures wildly while chanting.
You puncture the fire elemental!
Your headbutt misses the fire elemental.
The fire elemental is almost destroyed.
Your +7 spectral short sword hits the fire elemental.
Your +7 spectral short sword is engulfed in blazing flames.
You block the fire elemental's attack.
Your +7 spectral short sword is engulfed in blazing flames.
You hit the fire elemental.
You destroy the fire elemental!
The fire elemental disappears in a puff of smoke!
Your +7 spectral short sword disappears.
The deep elf pyromancer casts a spell.
You block the fire elemental's attack.
The deep elf pyromancer points at you and mumbles some strange words.
The bolt of fire hits you!!
* * * LOW HITPOINT WARNING * * *
You closely miss the fire elemental. You headbutt the fire elemental.
The fire elemental is lightly damaged.
Your +7 spectral short sword completely misses the fire elemental.
The fire elemental hits you. The fire elemental burns you!
* * * LOW HITPOINT WARNING * * *
You puncture the fire elemental! You headbutt the fire elemental!
The fire elemental is severely damaged.
Your +7 spectral short sword hits the fire elemental.
You block the fire elemental's attack.
The deep elf pyromancer hits your +7 spectral short sword with a +1 long sword of flaming.
Your spectral weapon shares its damage with you!
* * * LOW HITPOINT WARNING * * *
The fire elemental completely misses you.
You furiously retaliate!
You headbutt the fire elemental. You puncture the fire elemental!
You destroy the fire elemental!
The fire elemental disappears in a puff of smoke!
Your +7 spectral short sword disappears.
The fire elemental hits you. The fire elemental burns you!
You die...

#####
#8?[###
#...#.###
#..@.e'.###
###§E.#.'.#
#.°....#.'
##'#...#
#.......#
##'##..(#
#........
##'###...#
.. .....


You could see a deep elf pyromancer and a fire elemental (summoned).

Vanquished Creatures
  Gastronok (D:10)
  4 two-headed ogres
  A boulder beetle (D:12)
  7 death yaks (D:8)
  An ugly thing (D:12)
  Maurice (D:9)
  4 cyclopes
  A manticore (D:11)
  A gargoyle (D:10)
  An unseen horror (D:11)
  Psyche (D:10)
  A tengu conjurer (D:11)
  4 trolls
  3 slime creatures (D:12)
  3 shadows
  4 wraiths
  A vampire (D:10)
  10 yaks
  2 basilisks
  2 wyverns
  5 vampire mosquitoes
  Menkaure (D:7)
  An acid dragon (D:11)
  3 water moccasins
  2 orc warriors (D:9)
  Pargi (D:3)
  2 ice beasts
  A black bear (D:4)
  3 sky beasts
  A crocodile (Sewer)
  An ogre (D:4)
  2 centaurs
  A phantom (D:7)
  3 kobold brigands
  A brain worm (Sewer)
  6 bullfrogs
  2 gnoll sergeants
  2 scorpions
  9 wights (D:8)
  20 killer bees
  3 howler monkeys (D:8)
  4 hounds
  A bullfrog zombie (D:4)
  6 orc priests
  Crazy Yiuf (D:7)
  3 iguanas
  2 sleepcaps
  19 orc wizards
  A hound zombie (D:4)
  10 gnolls
  4 adders
  2 shadow imps (D:5)
  A white imp (D:7)
  2 ufetubi (D:5)
  3 dart slugs
  3 ribbon worms
  41 orcs
  2 ball pythons
  7 endoplasms
  8 giant cockroaches
  6 goblins
  5 hobgoblins
  4 quokkas
  6 bats
  6 frilled lizards
  37 kobolds
  4 rats
311 creatures vanquished.

Vanquished Creatures (others)
  A manticore (D:12)
  A cyclops (D:12)
2 creatures vanquished.

Grand Total: 313 creatures vanquished

Notes
Turn   | Place    | Note
-------+----------+-------------------------------------------
     0 | D:1      | KingCobr1 the Minotaur Fighter began the quest for the Orb.
     0 | D:1      | Reached XP level 1. HP: 19/19 MP: 0/0
    64 | D:1      | You fall into a shaft and drop 1 floor!
   272 | D:1      | Reached XP level 2. HP: 27/27 MP: 1/1
   318 | D:1      | Reached skill level 4 in Shields
   736 | D:1      | Reached XP level 3. HP: 29/33 MP: 2/2
  1758 | D:3      | Found a snail-covered altar of Cheibriados.
  1770 | D:3      | Reached XP level 4. HP: 22/40 MP: 3/3
  2320 | D:3      | Found a white marble altar of Elyvilon.
  2748 | D:3      | Found a hide-covered altar of Uskayaw.
  3014 | D:3      | Noticed Pargi
  3031 | D:3      | Killed Pargi
  3032 | D:3      | Reached skill level 1 in Dodging
  3032 | D:3      | Reached XP level 5. HP: 38/47 MP: 4/4
  3652 | D:4      | Reached skill level 1 in Short Blades
  3652 | D:4      | Reached skill level 5 in Axes
  3652 | D:4      | Reached XP level 6. HP: 53/53 MP: 5/5
  3662 | D:4      | Found a basalt altar of Yredelemnul.
  3866 | D:4      | Reached skill level 5 in Armour
  3866 | D:4      | Reached skill level 5 in Shields
  4002 | D:4      | Found a sparkling altar of Nemelex Xobeh.
  4014 | D:4      | Found an ornate altar of the Wu Jian Council.
  4395 | D:3      | Gained mutation: You are partially covered in large bone
                  | plates. (SH +4) [potion of mutation]
  4395 | D:3      | Gained mutation: Your mind is acute. (Int +4, Str/Dex -1)
                  | [potion of mutation]
  4395 | D:3      | Lost mutation: You are partially covered in large bone
                  | plates. (SH +4) [potion of mutation]
  5039 | D:4      | Found a staircase to the Ecumenical Temple.
  5042 | D:4      | Found a faded altar of an unknown god.
  5463 | D:4      | Reached skill level 5 in Fighting
  5463 | D:4      | Reached XP level 7. HP: 38/61 MP: 6/6
  6285 | D:5      | Entered Level 5 of the Dungeon
  6329 | D:5      | Found a glowing drain.
  6350 | Sewer    | Entered a sewer
  6562 | D:5      | Reached skill level 1 in Stealth
  6817 | D:5      | Reached XP level 8. HP: 68/68 MP: 7/7
  6835 | D:5      | Found Othraf's Armour Emporium.
  7989 | D:5      | Reached skill level 6 in Shields
  8066 | D:5      | Bought a +4 ring mail of poison resistance for 308 gold
                  | pieces
  9029 | D:7      | Reached skill level 5 in Short Blades
  9101 | D:7      | Noticed Menkaure
  9111 | D:7      | Found the +3 pair of gauntlets of War {Slay+5}
  9293 | D:7      | Reached XP level 9. HP: 72/75 MP: 8/8
  9405 | D:7      | Reached skill level 1 in Throwing
  9684 | D:7      | Reached skill level 5 in Dodging
  9687 | D:7      | Reached skill level 7 in Shields
  9818 | D:7      | Killed Menkaure
 10054 | D:7      | Found a runed translucent door.
 10055 | D:7      | Noticed Crazy Yiuf
 10060 | D:7      | Killed Crazy Yiuf
 10524 | D:8      | Paralysed by an orc wizard for 4 turns
 10599 | D:8      | Reached XP level 10. HP: 84/84 MP: 9/9
 10963 | D:8      | Found a blossoming altar of Fedhas.
 11403 | D:9      | Noticed Maurice
 11407 | D:9      | Killed Maurice
 11408 | D:9      | Reached skill level 8 in Shields
 11440 | D:9      | Noticed a death yak
 11441 | D:9      | Found a staircase to the Lair.
 11441 | D:9      | Noticed a death yak
 11441 | D:9      | Noticed a death yak
 11442 | D:9      | Noticed a death yak
 11442 | D:9      | Noticed a death yak
 11442 | D:9      | Noticed a death yak
 11443 | D:9      | Noticed a death yak
 11454 | D:9      | Found a flagged portal.
 11581 | D:10     | Entered Level 10 of the Dungeon
 11733 | D:8      | Killed a death yak
 11745 | D:8      | Killed a death yak
 11746 | D:8      | Reached skill level 9 in Shields
 11746 | D:8      | Reached XP level 11. HP: 92/92 MP: 10/10
 11759 | D:8      | Killed a death yak
 11775 | D:8      | Killed a death yak
 11780 | D:8      | Killed a death yak
 11992 | D:8      | Killed a death yak
 12121 | D:8      | Killed a death yak
 12122 | D:8      | Reached skill level 10 in Shields
 12966 | Lair:1   | Entered Level 1 of the Lair of Beasts
 12966 | Lair:1   | Found a glowing silver altar of Zin.
 13366 | D:10     | Found a stormy altar of Qazlal.
 13572 | D:10     | Noticed Gastronok
 13577 | D:10     | Killed Gastronok
 13578 | D:10     | Reached skill level 10 in Armour
 13619 | D:10     | Reached skill level 10 in Short Blades
 13653 | D:10     | Noticed Psyche
 13667 | D:10     | Killed Psyche
 14610 | D:11     | Learned a level 1 spell: Sting
 14759 | D:11     | Noticed a two-headed ogre
 14820 | D:11     | Killed a two-headed ogre
 15285 | D:11     | Reached XP level 12. HP: 103/103 MP: 12/12
 15324 | D:11     | Reached skill level 1 in Spellcasting
 15386 | D:11     | Found a staircase to the Orcish Mines.
 15935 | D:12     | Reached skill level 11 in Shields
 16656 | D:12     | Noticed a boulder beetle
 16857 | D:12     | Noticed a two-headed ogre
 16866 | D:12     | Killed a two-headed ogre
 16966 | D:12     | Killed a boulder beetle
 17126 | D:12     | Noticed a two-headed ogre
 17138 | D:12     | Killed a two-headed ogre
 17412 | D:12     | Reached skill level 1 in Conjurations
 17441 | D:12     | Noticed a two-headed ogre
 17449 | D:12     | Killed a two-headed ogre
 17460 | D:12     | Noticed a storm dragon
 17502 | D:12     | HP: 3/104 [fire elemental[a deep elf pyromancer] (13)]
 17503 | D:12     | HP: 1/104 [deep elf pyromancer/+1 long sword of flaming
                  | (2)]
 17504 | D:12     | Mangled by a fire elemental

Illustrated notes

Levels and vault maps discovered:
D:1:      minmay_arrival_doors, layout_rooms, serial_forest,
          infiniplex_forest_diagonal, infiniplex_forest_lined_2,
          infiniplex_forest_straight_3, infiniplex_forest_side_room,
          infiniplex_forest_clump_diagonal, infiniplex_forest_join,
          infiniplex_forest_lined_corner, minmay_heptomino_o4
D:2:      layout_loops_ring
D:3:      layout_rooms, mainiacjoe_overflow_chevrons, slow_altar_1,
          elyvilon_altar_3, uniq_pargi
D:4:      layout_layer_cave, lemuel_zombie_altar_yredelemnul,
          nicolae_overflow_squiral, nicolae_temple_entry_ecumenical
D:5:      kennysheep_kobold_camp, layout_basic, portal_sewer_entry_f,
          serial_shops, nicolae_shop_waterfront
D:6:      layout_loops_ring, kennysheep_pointless_box
D:7:      layout_basic, eino_jars, uniq_crazy_yiuf_cottage, uniq_menkaure
D:8:      layout_loops_ring, mainiacjoe_overflow_six_doors_small
D:9:      layout_loops_ring, dpeg_lair_monsters, enter_bailey_2,
          chequers_serial_rivers_micro_c, uniq_maurice
D:10:     layout_stronghold, overflow_temple_1_default, uniq_psyche,
          uniq_gastronok
D:11:     layout_stronghold, david_orc_3
D:12:     nicolae_fronds_of_death, layout_gridville, gammafunk_ghost_hive,
          serial_rivers, chequers_serial_rivers_large_a,
          chequers_serial_rivers_small_b, chequers_serial_rivers_small_b,
          chequers_serial_rivers_small_b, chequers_serial_rivers_micro_c,
          minmay_ruined_shrine
D:13:     layout_cave_pools, hangedman_vaults_entry_quadrant_bands, st_stairs_4,
          uniq_josephine
Lair:1:   layout_misc_corridors, basic_altar, cheibrodos_lair_lostbears,
          grunt_megastairs_3, infiniplex_staircase_pool

Skill      XL: |  1  2  3  4  5  6  7  8  9 10 11 12 |
---------------+-------------------------------------+-----
Shields        | 4 5 6 7 9 10 11 | 11.6
Armour         | 4 5 6 8 9 10 | 10.8
Fighting       | 4 5 6 7 8 9 |  9.3
Axes           | 3 4 5 |  5.1
Dodging        | 1 2 4 5 7 8 9 |  9.4
Short Blades   | 1 2 3 5 7 8 10 | 10.6
Stealth        | 1 2 3 4 |  4.2
Throwing       | 3 4 |  4.2
Spellcasting   | 2 |  2.8
Conjurations   | 1 |  1.0
Alchemy        | |  0.9

Action                     |  1- 3 |  4- 6 |  7- 9 | 10-12 || total
---------------------------+-------+-------+-------+-------++-------
  Melee: War axe           |    77 |    34 |       |       ||   111
         Headbutt          |    10 |    20 |    51 |   106 ||   187
         Short sword       |       |    85 |   269 |   356 ||   710
  Throw: Boomerang         |       |       |    26 |     4 ||    30
         Throwing net      |       |       |       |     1 ||     1
   Cast: Sting             |       |       |       |    14 ||    14
    Use: Scroll            |       |    11 |    11 |     6 ||    28
         Potion            |       |     4 |       |     4 ||     8
   Stab: Distracted        |       |       |     2 |     6 ||     8
         Sleeping          |       |       |       |     2 ||     2
 Armour: Scale mail        |    50 |   114 |   121 |       ||   285
         Ring mail         |       |       |   143 |   213 ||   356
  Dodge: Dodged            |    53 |    87 |   167 |   171 ||   478
  Block: Buckler           |    22 |    40 |    98 |   205 ||   365
         Reflection        |       |       |       |    11 ||    11
